 Dungeon Crawl Stone Soup version 0.23.0-2-g0fe3ce5905 (webtiles) character file.

Game seed: 16843858026292952886

147 apr9 the Slasher (level 5, 0/32 HPs)
             Began as an Octopode Chaos Knight on Feb 19, 2019.
             Was an Initiate of Hepliaklqana.
             Slain by a tentacled monstrosity (13 damage)
             ... on level 1 of the Abyss.
             The game lasted 00:05:50 (2776 turns).

apr9 the Slasher (Octopode Chaos Knight)            Turns: 2776, Time: 00:05:51

Health: 0/32       AC:  3    Str: 10    XL:     5   Next: 29%
Magic:  5/5        EV: 20    Int: 14    God:    Hepliaklqana [......]
Gold:   213        SH:  0    Dex: 15    Spells: 4/4 levels left

rFire    . . .     SeeInvis .   a - +0 falchion (chaos)
rCold    + + .     Gourm    .   (no shield)
rNeg     . . .     Faith    .   o - +2 hat
rPois    .         Spirit   .   (no amulet)
rElec    .         Reflect  .   d - ring of protection from cold
rCorr    .         Harm     .   r - ring of protection from cold
MR       .....                  (no ring)
Stlth    ++++......             (no ring)
HPRegen  0.10/turn              (no ring)
MPRegen  0.09/turn              (no ring)
                                (no ring)
                                (no ring)

@: agile, about to teleport
A: almost no armour, stealthy swim, amphibious, 8 rings, constrict 8, reduced
essence, camouflage 1, [blurry vision 2], clumsy 1, weak 1, gelatinous body 1
a: Recall Ancestor, Ancestor Identity, Renounce Religion


You were on level 1 of the Abyss.
You worshipped Hepliaklqana.
Hepliaklqana was noncommittal.
You were hungry.

You visited 1 branch of the dungeon, and saw 4 of its levels.
You visited the Abyss 1 time.

You collected 213 gold pieces.

Inventory:

Hand Weapons
 a - a +0 falchion of chaos (weapon)
 i - a +3 rapier
 j - a +0 hunting sling
 k - a +1 hunting sling of flaming
Missiles
 c - 30 sling bullets
 l - 118 stones (quivered)
Armour
 o - a +2 hat (worn)
Jewellery
 d - a ring of protection from cold (left tentacle)
 r - a ring of protection from cold (right tentacle)
Scrolls
 e - a scroll of fear {unknown}
 h - a scroll of remove curse {unknown}
 m - a scroll of enchant armour
 p - a scroll of teleportation {@r3}
 q - a scroll of enchant weapon {unknown}
 u - a scroll of random uselessness {unknown}
Potions
 g - a potion of curing {@q1}
 s - 2 potions of degeneration
 t - a potion of lignification {unknown}
Comestibles
 b - 6 rations
 f - 3 chunks of flesh


   Skills:
 + Level 3.5 Fighting
 * Level 4.1 Long Blades
 * Level 3.4 Dodging
 + Level 3.1 Stealth


You had 4 spell levels left.
You didn't know any spells.
Your spell library was empty.

Dungeon Overview and Level Annotations

Branches:
Dungeon (4/15)
 Temple: D:4-7

Altars:
Hepliaklqana


Innate Abilities, Weirdness & Mutations

You cannot wear most types of armour.
You are very stealthy in the water. (Stealth+)
You are amphibious.
You can wear up to eight rings at the same time.
You can use your tentacles to constrict eight enemies at once.
Your skin changes colour to match your surroundings (Stealth+).
Your rubbery body absorbs attacks. (AC +1, EV +1)
Your life essence is reduced to manifest your ancestor. (-10% HP)
You are clumsy. (Dex -2)
You are weak. (Str -2)
[Scrolls take you longer to read.]


Message History

The small abomination hits Zarja!!
Zarja is destroyed!
Okay, then.
Okay, then.
Zarja is still trapped in memory!
You hit the small abomination.
The small abomination seems to slow down.
The wretched star pulses with an eldritch light!
Your vision blurs. x2
Okay, then.
You don't know any spells.
Unknown command.
You feel agile all of a sudden.
You aren't carrying any items that you can evoke.
Unknown command.
The tentacled monstrosity tentacle-slaps you!!
Ouch! That really hurt!
The tentacled monstrosity tentacle-slaps you!
You die...
Xom guffaws!

# # ## ######
.. #..##*xX@#
x# ##..X####
#.##...##
#....*. # # #
.##...#
#.###§.*#.#.#
#. *#.X#..##
. ##§. .##.#
#... .....##


You could see a tentacled monstrosity, a wretched star, a large abomination and
a small abomination.

Vanquished Creatures
  A hound (D:4)
  6 adders
  An ooze (D:2)
  2 worms (D:2)
  3 dart slugs
  An orc (D:3)
  2 ball pythons
  A giant cockroach (D:2)
  5 goblins
  3 hobgoblins
  A quokka (D:3)
  6 bats
  5 frilled lizards
  5 kobolds
  6 rats
48 creatures vanquished.

Vanquished Creatures (collateral kills)
  A goblin (D:3)
1 creature vanquished.

Vanquished Creatures (others)
  An ancestor (Abyss:1)
  5 toadstools (D:1)
6 creatures vanquished.

Grand Total: 55 creatures vanquished

Notes
Turn   | Place    | Note
-------+----------+-------------------------------------------
     0 | D:1      | apr9 the Octopode Chaos Knight began the quest for the Orb.
     0 | D:1      | Reached XP level 1. HP: 16/16 MP: 1/1
    55 | D:1      | XOM: harmless Conj miscast
   309 | D:1      | Reached skill level 1 in Stealth
   330 | D:1      | Reached XP level 2. HP: 19/21 MP: 2/2
   624 | D:2      | Reached XP level 3. HP: 22/26 MP: 3/3
   651 | D:2      | XOM: cloud trail
   895 | D:2      | XOM: silly message
  1120 | D:2      | XOM: medium Conj miscast
  1181 | D:2      | XOM: medium Tloc miscast
  1510 | D:2      | Reached XP level 4. HP: 31/31 MP: 4/4
  1796 | D:3      | Found a hazy altar of Hepliaklqana.
  1837 | D:3      | Fell from the grace of Xom
  1837 | D:3      | Became a worshipper of Hepliaklqana the Forgotten
  2581 | D:3      | XOM: give mutations
  2581 | D:3      | Gained mutation: You occasionally shout uncontrollably at
                  | your foes. [Xom's mischief]
  2581 | D:3      | Lost mutation: You occasionally shout uncontrollably at
                  | your foes. [Xom's mischief]
  2581 | D:3      | Gained mutation: You are weak. (Str -2) [Xom's mischief]
  2581 | D:3      | Gained mutation: You are clumsy. (Dex -2) [Xom's mischief]
  2648 | D:4      | Reached skill level 4 in Long Blades
  2652 | D:4      | Reached XP level 5. HP: 22/32 MP: 5/5
  2665 | D:4      | XOM: medium Tloc miscast
  2666 | D:4      | Cast into level 1 of the Abyss (the capriciousness of Xom)
  2674 | Abyss:1  | Found a shimmering altar of Xom.
  2689 | Abyss:1  | Found a corrupted altar of Lugonu.
  2714 | Abyss:1  | Noticed a tentacled monstrosity
  2721 | Abyss:1  | Noticed a hellion
  2760 | Abyss:1  | Noticed a large abomination
  2762 | Abyss:1  | Noticed a small abomination
  2766 | Abyss:1  | Noticed a wretched star
  2776 | Abyss:1  | Slain by a tentacled monstrosity

Skill      XL: |  1  2  3  4  5 |
---------------+----------------+-----
Stealth        | 1 2 3 |  3.1
Dodging        | 3 |  3.4
Long Blades    | 4 |  4.1
Fighting       | |  3.5

Action                   |  1- 3 |  4- 6 || total
-------------------------+-------+-------++-------
Melee: Falchion          |    49 |    45 ||    94
       Constrict         |    13 |     9 ||    22
       Tentacles         |     8 |     6 ||    14
Invok: Recall Ancestor   |       |     1 ||     1
  Use: Potion            |     1 |     1 ||     2
       Scroll            |       |     4 ||     4
 Stab: Sleeping          |     6 |    14 ||    20
  Eat: Chunk             |     2 |     3 ||     5
Armor: Skin              |     7 |     3 ||    10
Dodge: Dodged            |    30 |    25 ||    55
       Rpst.: Falchion   |     8 |     9 ||    17
